[Event "*** MasterClass Titled Tuesday Blitz"]
[Site "Chess.com"]
[Date "2017.11.07"]
[Round "7"]
[White "Sanan_Sjugirov"]
[Black "Buffy7"]
[Result "1-0"]
[WhiteElo "2655"]
[BlackElo "2488"]
[TimeControl "180+2"]
[EndTime "15:43:18 PST"]
[Termination "Sanan_Sjugirov won by resignation"]

1. d4 Nf6 2. Nf3 g6 3. Bg5 Bg7 4. Nbd2 O-O 5. e3 d6 6. Bd3 Nbd7 7. O-O e5 8. c3 Qe7 9. e4 Re8 10. Re1 Qf8 11. a4 Bh6 12. Bxh6 Qxh6 13. a5 a6 14. b4 Nf8 15. Qb3 Be6 16. d5 Bd7 17. c4 g5 18. Nf1 g4 19. N3d2 Ng6 20. Re3 Qg5 21. c5 Nf4 22. cxd6 cxd6 23. Nc4 Nxd3 24. Qxd3 Bb5 25. Qb3 Bxc4 26. Qxc4 Rac8 27. Qe2 Rc7 28. Ng3 Rec8 29. Re1 h5 30. f3 Rc2 31. Qf1 h4 32. Nf5 h3 33. R3e2 Rxe2 34. Qxe2 Rc1 35.
fxg4 Nxg4 36. gxh3 Nf6+ 37. Ng3 Qf4 38. Rxc1 Qxc1+ 39. Kg2 Qb1 40. h4 Qxb4 41. Qf3 Qd2+ 42. Kh3 Qf4 43. Qe2 Kg7 44. Nf5+ Kf8 45. Nxd6 Ke7 46.
Nf5+ Kd7 47. Ng3 Kc7 48. h5 Kb8 49. Kg2 Qg5 50. Kh3 Qf4 51. Kg2 Qg5 52. Qf3 Kc7 53. Kh3 Kd8 54. Qf5 Qxf5+ 55. Nxf5 Nxe4 56. h6 Nf6 57. Kh4 Kd7 58. Kg5 Nh7+ 59. Kg4 Kc7 60. Kf3 b6 61. d6+ Kc6 62. axb6 Kxb6 63. Ke4 Kc6 64.
Kxe5 a5 65. Nd4+ Kd7 66. Nb3 f6+ 67. Kd5 f5 68. Nc5+ Ke8 69. d7+ Ke7 70. Kc6 Nf6 71.
h7 1-0

[Event "*** MasterClass Titled Tuesday Blitz"]
[Site "Chess.com"]
[Date "2017.11.07"]
[Round "7"]
[White "Maitreia"]
[Black "Divertissement"]
[Result "1/2-1/2"]
[WhiteElo "2470"]
[BlackElo "2414"]
[TimeControl "180+2"]
[EndTime "15:44:17 PST"]
[Termination "Game drawn by agreement"]

1. c4 e5 2. g3 Nf6 3. Bg2 Nc6 4. a3 d5 5. cxd5 Nxd5 6. Nc3 Be6 7. Nf3 Nxc3 8.
bxc3 e4 9. Nd4 Nxd4 10. cxd4 Qxd4 11. Rb1 Bd5 12. Bb2 Qc5 13. O-O f6 14. Qa4+ Bc6 15. Qb3 Qd5 16. Qc3 Qc5 17. Qb3 Qd5 18. Qxd5 Bxd5 19.
d3 O-O-O 20. dxe4 Bc4 21. Bf3 Rd2 22. Bc3 Rc2 23. Rfc1 Rxc1+ 24. Rxc1 Bxa3 25. Rb1 b6 26. Ra1 Bd6 27. Rxa7 Kd7 28. Bd4 b5 29. Rb7 Ra8 30. e5 fxe5 31. Bc3 Ra3 32. Bd2 Ra2 33. Be3 b4 34.
Rb8 b3 35. Kg2 b2 36. Be4 g6 37. h4 Ba3 38. h5 gxh5 39. Bxh7 Ra1 40. Bf5+ Be6 41.
Bd3 Bd5+ 42. f3 Bc4 43. Bf5+ Be6 44. Be4 c5 45. Rb7+ Kc8 46. Re7 Bd7 47. Rxe5 b1=Q 48.
Bxb1 Rxb1 49. Bxc5 Rb5 50. Bd4 Rxe5 51. Bxe5 Be7 52.
e4 Be6 53. g4 hxg4 54. fxg4 Bxg4 55. Kg3 Be6 56. Kf4 Kd7 57. Bg7 Kc6 58. Be5 Kc5 59.
Bb8 Kc4 60. Ba7 Kd3 61. Ke5 Bd7 62. Kd5 Bg4 63. e5 Bf5 64. Bc5 Bg5 65. e6 Bg6 66. e7 Be8 67. Ke6 Kc4 68. Ba3 Kb5 69. Bd6 Kc6 70. Ba3 Bg6 71. Bb4 Kc7 72. Bd6+ Kc6 73. Ba3 Be8 74. Bb4 Bf4 75. Ba3 Bc7 76. Bb4 Bb6 77.
Ba3 Ba5 78. Bc1 Kc5 79. Ba3+ Kd4 80. Bb2+ Ke4 81. Ba3 Kf4 82. Bd6+ Kg5 83. Ba3 Kg6 84. Bc5 Bc3 85. Ba3 Bf6 86. Bc5 Bxe7 87. Kxe7 1/2-1/2

[Event "*** MasterClass Titled Tuesday Blitz"]
[Site "Chess.com"]
[Date "2017.11.07"]
[Round "7"]
[White "ZapataCharlesS"]
[Black "AkshatChandra"]
[Result "1/2-1/2"]
[WhiteElo "2542"]
[BlackElo "2721"]
[TimeControl "180+2"]
[EndTime "15:46:41 PST"]
[Termination "Game drawn by 50-move rule"]

1. d4 b6 2. Nf3 Bb7 3. g3 Nf6 4. Bg2 g6 5. O-O Bg7 6. b3 O-O 7. Bb2 c5 8. e3 d6 9. c4 Nbd7 10. Nc3 cxd4 11. exd4 e5 12. Nb5 Qb8 13. dxe5 dxe5 14.
Nxe5 Bxg2 15. Nxd7 Nxd7 16. Bxg7 Bxf1 17. Bxf8 Bh3 18. Bd6 Qb7 19. Qd5 Qxd5 20. cxd5 Nf6 21.
Nc3 Rc8 22. Be5 Nd7 23. Bd4 f6 24. Re1 Kf7 25. f3 h5 26. Kf2 g5 27. a4 Nc5 28. Bxc5 Rxc5 29. Re3 a5 30. Ke2 Bf5 31. Kd2 Bc8 32. h4 gxh4 33. gxh4 Bf5 34. Re1 Bc8 35. Rc1 Bb7 36. Rb1 Bxd5 37. b4 axb4 38. Rxb4 Bxf3 39.
Rxb6 Rc4 40. a5 Rxh4 41. a6 Rh1 42. Ke3 Rf1 43. a7 h4 44. Rb8 h3 45. Rh8 Bc6 46.
Rxh3 Ra1 47. Rh7+ Ke6 48. Kd4 Kd6 49. Kc4 f5 50. Kd4 f4 51. Rf7 f3 52. Rf6+ Kc7 53. Rf7+ Kb6 54. Rf6 Kxa7 55. Rxc6 f2 56. Rc7+ Kb8 57.
Rf7 f1=Q 58. Rxf1 Rxf1 59. Ne4 Kc7 60. Nc3 Kc6 61. Kc4 Rf4+ 62. Kd3 Kc5 63. Ne4+ Kd5 64. Nc3+ Ke5 65. Kc2 Rf3 66. Kd2 Kd4 67. Ne2+ Kc4 68.
Kc2 Rf2 69. Kd2 Rf3 70. Kc2 Rd3 71. Nc1 Rd7 72. Ne2 Rd6 73. Nc1 Rh6 74. Ne2 Rh3 75. Kd2 Ra3 76. Nc1 Ra1 77. Kc2 Ra6 78. Kd2 Re6 79.
Kc2 Rd6 80. Ne2 Rd3 81. Nc1 Rh3 82. Ne2 Rh2 83. Kd2 Kd5 84. Ke3 Ke5 85. Kf3 Rh3+ 86.
Kf2 Kf5 87. Kg2 Ra3 88. Kf2 Kg4 89. Ng1 Ra1 90. Ne2 Ra2 91. Ke3 Kf5 92. Nd4+ Ke5 93.
Nf3+ Kd5 94. Kf4 Ra4+ 95. Ke3 Re4+ 96. Kf2 Rf4 97. Ke3 Rf8 98. Nd2 Re8+ 99. Kd3 Ra8 100.
Ke3 Ra2 101. Kd3 Ra3+ 102. Ke2 Kd4 103. Nf3+ Ke4 104. Nd2+ Kf4 105. Kd1 Rd3 106. Ke2 Rd7 107. Nf1 Re7+ 108. Kf2 Re6 109. Nd2 Ra6 110. Ke2 Ra3 111. Nf1 Ra1 112. Nd2 Rh1 113. Kd3 Rh3+ 114. Kd4 Rh4 115. Kd3 Rh7 116. Ke2 Rd7 117. Nf1 Ra7 118. Nd2 Ra3 119. Nf1 Rh3 120. Nd2 Re3+ 121. Kf2 Re6 122. Nf1 Rh6 123. Ke2 Re6+ 124. Kf2 Re5 125. Nd2 Rd5 126. Nf1 Re5 127. Nd2 Re7 128. Nf1 Rh7 129. Ke2 Rh3 130. Kf2 Rh4 131. Ke2 Ke4 132. Nd2+ Kf4 133. Nf1 Rh8 1/2-1/2

[Event "*** MasterClass Titled Tuesday Blitz"]
[Site "Chess.com"]
[Date "2017.11.07"]
[Round "8"]
[White "Khamrakulov_Djurabek"]
[Black "KamilPlichta"]
[Result "1-0"]
[WhiteElo "2632"]
[BlackElo "2564"]
[TimeControl "180+2"]
[EndTime "15:50:27 PST"]
[Termination "Khamrakulov_Djurabek won by resignation"]

1. e4 g6 2. d4 Bg7 3. Nf3 d6 4. Bc4 Nf6 5. Qe2 O-O 6. O-O Bg4 7. e5 Nfd7 8. e6 fxe6 9. Bxe6+ Bxe6 10. Qxe6+ Kh8 11. Ng5 Nc6 12. c3 Qe8 13. Qh3 h6 14.
Ne6 Kh7 15. Nxc7 Qd8 16. Nxa8 Nf6 17. Nd2 Qxa8 18. Nf3 e5 19. Ng5+ Kh8 20. Ne6 Rf7 21.
Bxh6 Bxh6 22. Qxh6+ Kg8 23. Qxg6+ 1-0

[Event "*** MasterClass Titled Tuesday Blitz"]
[Site "Chess.com"]
[Date "2017.11.07"]
[Round "8"]
[White "Vamostodorecto"]
[Black "Abdodi"]
[Result "1-0"]
[WhiteElo "2294"]
[BlackElo "2118"]
[TimeControl "180+2"]
[EndTime "15:50:27 PST"]
[Termination "Vamostodorecto won by checkmate"]

1. d4 d5 2. c4 c6 3. Nc3 Nf6 4. Nf3 e6 5. e3 Be7 6. Bd3 Nbd7 7.
O-O O-O 8. e4 dxe4 9. Nxe4 Nxe4 10. Bxe4 Nf6 11. Bc2 c5 12. Bg5 h6 13. Bh4 cxd4 14.
Qd3 g5 15. Bg3 Bc5 16. Be5 Kg7 17. Qh7# 1-0

[Event "*** MasterClass Titled Tuesday Blitz"]
[Site "Chess.com"]
[Date "2017.11.07"]
[Round "8"]
[White "pandamaster3000"]
[Black "Fy_Rakotomaharo"]
[Result "0-1"]
[WhiteElo "2270"]
[BlackElo "2463"]
[TimeControl "180+2"]
[EndTime "15:52:03 PST"]
[Termination "Fy_Rakotomaharo won by resignation"]

1. e4 c5 2. Nf3 Nc6 3. Bb5 g6 4. O-O Bg7 5. Bxc6 dxc6 6. d3 b6 7. c3 Nf6 8. Re1 O-O 9. a3 Bg4 10. h3 Bxf3 11. Qxf3 Nd7 12. Qe2 e5 13. Be3 Re8 14.
Rd1 a5 15. Nd2 Nf8 16. Nc4 Ne6 17. b4 axb4 18. axb4 Rxa1 19. Rxa1 Nf4 20. Qf1 cxb4 21. cxb4 Qxd3 22. Bxb6 Ne2+ 23. Kh1 Qxc4 24. Bc5 Qc2 25. Ra6 Nd4 26. Ra7 Ne6 27. Be3 Bf8 28. b5 cxb5 29. Qxb5 Rc8 30. Qxe5 Qd1+ 31. Kh2 Bd6 0-1

[Event "*** MasterClass Titled Tuesday Blitz"]
[Site "Chess.com"]
[Date "2017.11.07"]
[Round "8"]
[White "MITerryble"]
[Black "FairChess_on_YouTube"]
[Result "1/2-1/2"]
[WhiteElo "2646"]
[BlackElo "2784"]
[TimeControl "180+2"]
[EndTime "15:52:23 PST"]
[Termination "Game drawn by agreement"]

1. d4 d5 2. Nf3 Nf6 3. c4 c6 4. Nc3 a6 5. cxd5 cxd5 6. Bf4 Nc6 7. e3 Bg4 8. Be2 e6 9. O-O Bxf3 10. Bxf3 Bd6 11.
Bg5 O-O 12. Rc1 h6 13. Bh4 Rc8 14. Na4 g5 15. Bg3 Bxg3 16. hxg3 Qd6 17. Qb3 Rc7 18.
Nc5 Na5 19. Qb4 Nc6 20. Qb6 Rb8 21. Rc3 Nd7 22. Nxd7 Rxd7 23. Rfc1 Ne5 1/2-1/2

[Event "*** MasterClass Titled Tuesday Blitz"]
[Site "Chess.com"]
[Date "2017.11.07"]
[Round "8"]
[White "Too_Stupid_To_Play"]
[Black "nicegg"]
[Result "0-1"]
[WhiteElo "2198"]
[BlackElo "2005"]
[TimeControl "180+2"]
[EndTime "15:52:26 PST"]
[Termination "nicegg won by resignation"]

1. Nf3 d5 2. c4 d4 3. g3 c5 4. Bg2 Nc6 5. O-O e5 6. d3 Be7 7.
a3 Bg4 8. h3 Be6 9. Bd2 Qd7 10.
b4 f6 11. b5 Nd8 12. Kh2 g5 13. a4 h5 14. h4 gxh4 15. Nxh4 Nh6 16. f4 Ng4+ 17.
Kg1 f5 18. Ng6 Rg8 19. Nxe7 Qxe7 20. fxe5 h4 21. Rf3 Nxe5 22. Bf4 Nxf3+ 23. Bxf3 hxg3 24. Kg2 Qh4 25. Qh1 Qxf4 26. Qh5+ Bf7 27. Qh7 Qe3 0-1

[Event "*** MasterClass Titled Tuesday Blitz"]
[Site "Chess.com"]
[Date "2017.11.07"]
[Round "8"]
[White "bugsbunny444"]
[Black "AbdAlAgathos"]
[Result "1-0"]
[WhiteElo "2426"]
[BlackElo "2224"]
[TimeControl "180+2"]
[EndTime "15:52:37 PST"]
[Termination "bugsbunny444 won by resignation"]

1. Nf3 Nf6 2. c4 g6 3. b4 Bg7 4. Bb2 a5 5. b5 c5 6. g3 O-O 7. Bg2 d5 8. cxd5 Nxd5 9. Bxg7 Kxg7 10. Qb3 a4 11. Qb2+ Kg8 12. O-O Nb6 13. Rc1 N8d7 14. d3 e6 15. a3 Qe7 16. Nbd2 Nf6 17. Rc2 Bd7 18. Rac1 Rfc8 19. Ne5 Ra5 20. Nxd7 Nbxd7 21.
Bxb7 Rb8 22. Bc6 Nd5 23. Nc4 Ra7 24. Ne5 N7f6 25. Bxd5 exd5 26. Nc6 Qb7 27. Qxf6 1-0

[Event "*** MasterClass Titled Tuesday Blitz"]
[Site "Chess.com"]
[Date "2017.11.07"]
[Round "8"]
[White "MateusViageiro"]
[Black "Zufi1811"]
[Result "1/2-1/2"]
[WhiteElo "2270"]
[BlackElo "2434"]
[TimeControl "180+2"]
[EndTime "15:53:29 PST"]
[Termination "Game drawn by agreement"]

1. e4 d5 2. exd5 Qxd5 3. Nc3 Qd6 4. d4 Nf6 5. Bd3 c6 6. Nge2 Bg4 7. Bf4 Qxf4 8. Nxf4 Bxd1 9. Rxd1 e6 10. Ne4 Nbd7 11. Nxf6+ Nxf6 12. O-O O-O-O 13. c3 Bd6 14. Ne2 Rhe8 15. Ng3 g6 16. Ne4 Nxe4 17. Bxe4 f5 18.
Bc2 e5 19. dxe5 Rxe5 20. Rfe1 Rxe1+ 21. Rxe1 Bc5 22. Rd1 Re8 23. Kf1 Kc7 24. Re1 Rd8 25. Rd1 Rxd1+ 26. Bxd1 a5 27. Ke2 Kd6 28. f3 Ke5 29. Bb3 Bg1 30. h3 h6 31. g4 fxg4 32. fxg4 Kf4 33. Bf7 g5 34. Kf1 Be3 35. Kg2 Bc1 36. b3 Bd2 37. c4 Ke3 38. Be6 Kd3 39.
Bc8 b6 40. Bd7 c5 41. Kf3 Kc3 42. Ke4 Kb2 43. a4 Kxb3 44. Bb5 Kc3 45. Kf5 1/2-1/2

[Event "*** MasterClass Titled Tuesday Blitz"]
[Site "Chess.com"]
[Date "2017.11.07"]
[Round "8"]
[White "evgenysharapov"]
[Black "PositionalGenius"]
[Result "0-1"]
[WhiteElo "2242"]
[BlackElo "2406"]
[TimeControl "180+2"]
[EndTime "15:53:40 PST"]
[Termination "PositionalGenius won by resignation"]

1. e4 c5 2. Nf3 e6 3. d4 cxd4 4. Nxd4 Nc6 5. Nb5 d6 6. c4 Nf6 7. N1c3 a6 8. Na3 Be7 9. Be2 O-O 10. O-O b6 11. Be3 Bb7 12. f3 Ne5 13. Qd2 Rc8 14. Rac1 Ned7 15. Nc2 Qc7 16. Nd4 Qb8 17. Rfd1 Rfe8 18.
Bf1 h5 19. Qf2 h4 20. Kh1 Ne5 21. Na4 Bd8 22. b4 Ng6 23. Nb3 d5 24. cxd5 Rxc1 25. Rxc1 exd5 26. Bxb6 dxe4 27. Bxd8 Rxd8 28. Nac5 exf3 29.
Nxb7 Ng4 0-1

[Event "*** MasterClass Titled Tuesday Blitz"]
[Site "Chess.com"]
[Date "2017.11.07"]
[Round "8"]
[White "EndgameGrinder"]
[Black "chesssharkattack"]
[Result "1-0"]
[WhiteElo "2491"]
[BlackElo "2379"]
[TimeControl "180+2"]
[EndTime "15:53:51 PST"]
[Termination "EndgameGrinder won by resignation"]

1. e4 e5 2. Nf3 Nf6 3. Nc3 Nc6 4. a3 a6 5. d4 exd4 6. Nxd4 d6 7. Bc4 Be7 8. O-O O-O 9. Nxc6 bxc6 10. Bf4 Be6 11. Qe2 d5 12. Ba2 Nxe4 13. Nxe4 dxe4 14. Bxe6 fxe6 15.
Qxe4 Qd5 16. Qe3 Bd6 17. Bg3 Rab8 18. b3 Qf5 19. Qe2 Rb5 20. a4 Rc5 21. c4 a5 22.
Rae1 Re8 23. f4 h5 24. Qf3 Qg4 25. f5 Bxg3 26. Qxg4 hxg4 27. hxg3 e5 28. Re4 Kf7 29. Rxg4 e4 30. Rff4 Rce5 31. Kf2 Kf6 32. Rg6+ Kf7 33. Rxc6 Rd8 34. Rxc7+ Kf6 35. Rc6+ Kf7 36. Re6 e3+ 37.
Kf3 Re8 38. Rxe8 1-0

[Event "*** MasterClass Titled Tuesday Blitz"]
[Site "Chess.com"]
[Date "2017.11.07"]
[Round "8"]
[White "MagnusCarlsen"]
[Black "Salem-AR"]
[Result "1-0"]
[WhiteElo "3040"]
[BlackElo "2793"]
[TimeControl "180+2"]
[EndTime "15:53:56 PST"]
[Termination "MagnusCarlsen won by resignation"]

1. d4 Nf6 2. Bf4 g6 3. Nc3 d5 4. Nf3 Bg7 5. e3 O-O 6. Be2 Bg4 7. Ne5 Bxe2 8. Qxe2 c6 9. h4 h5 10. g4 Nbd7 11.
f3 e6 12. O-O-O Qe7 13. Rdg1 hxg4 14. fxg4 Nxe5 15. Bxe5 Nd7 16. Bxg7 Kxg7 17. g5 Rh8 18.
e4 c5 19. Qf2 dxe4 20. Nxe4 cxd4 21. Qxd4+ e5 22. Qe3 Rac8 23. Kb1 Rc4 24. Qe2 Qb4 25. Re1 Rc6 26. a3 Qe7 27. h5 Rcc8 28. h6+ Kh7 29.
Rhf1 Rhf8 30. Qb5 Rc7 31. Rd1 Nc5 32. Nf6+ Kh8 33. Nd5 a6 34. Qb6 1-0

[Event "*** MasterClass Titled Tuesday Blitz"]
[Site "Chess.com"]
[Date "2017.11.07"]
[Round "8"]
[White "kikydu96"]
[Black "ValeriyGrinev"]
[Result "1-0"]
[WhiteElo "2407"]
[BlackElo "2423"]
[TimeControl "180+2"]
[EndTime "15:54:04 PST"]
[Termination "kikydu96 won by resignation"]

1. e4 c5 2. Nf3 e6 3. d4 cxd4 4.
Nxd4 a6 5. Bd3 Bc5 6. Nb3 Be7 7. Qg4 g6 8. Qe2 d6 9. Nc3 Nd7 10. O-O Qc7 11. f4 b5 12. Be3 Ngf6 13. Kh1 Bb7 14.
a3 Rc8 15. Rad1 O-O 16. f5 gxf5 17. exf5 e5 18. Bh6 Rfe8 19. Ne4 Kh8 20. Ng5 Kg8 21. Qe3 Ng4 22. Qg3 Ndf6 23. h3 d5 24. hxg4 e4 25.
Qxc7 Rxc7 26. Be2 Rxc2 27. Rd2 Rec8 28. Nh3 Rxd2 29. Bxd2 Rc2 30. g5 Nd7 31. Rc1 Rxc1+ 32. Bxc1 Ne5 33. Bf4 Nc4 34. Bxc4 bxc4 35. Nd4 Bc5 36. Be3 Bc8 37. g4 Kf8 38. Nf4 Bxd4 39. Bxd4 Bb7 40. Kg1 Ke7 41. Kf2 Kd6 42. Ke3 Bc6 43.
Nh5 Ba4 44. Kd2 e3+ 45. Kxe3 Bd1 46. Kf4 1-0

[Event "*** MasterClass Titled Tuesday Blitz"]
[Site "Chess.com"]
[Date "2017.11.07"]
[Round "8"]
[White "Genghis_K"]
[Black "hansen"]
[Result "1-0"]
[WhiteElo "2659"]
[BlackElo "2578"]
[TimeControl "180+2"]
[EndTime "15:54:16 PST"]
[Termination "Genghis_K won by checkmate"]

1. e4 e5 2. Nf3 Nc6 3. Bc4 Bc5 4. c3 Nf6 5. d3 a6 6. Nbd2 O-O 7. O-O d5 8. exd5 Nxd5 9. Ne4 Be7 10. Ng3 Nb6 11. Bb3 Kh8 12. Re1 f6 13. Be3 Nd5 14. Bd2 Bc5 15. Qe2 Ba7 16. Rad1 Bg4 17. h3 Bc8 18. Bc1 Nde7 19. d4 exd4 20. cxd4 Nd5 21. Qe4 Nce7 22. Bc2 f5 23. Qh4 Qd6 24. Bg5 Ng6 25. Qh5 Ndf4 26. Bxf4 Nxf4 27. Qg5 h6 28. Qe7 Qxe7 29. Rxe7 Nd5 30.
Re5 c6 31. Rde1 Bd7 32. Bxf5 Rad8 33. Nh4 Kg8 34. Ng6 Rf7 35. Bxd7 Rfxd7 36. Nf5 Nf6 37. Re7 Bxd4 38. Nxd4 Rxd4 39. Rxb7 Rd1 40. Rxd1 Rxd1+ 41. Kh2 Rd2 42. f4 Ne4 43. f5 h5 44. Rb8+ Kf7 45.
Rf8# 1-0

[Event "*** MasterClass Titled Tuesday Blitz"]
[Site "Chess.com"]
[Date "2017.11.07"]
[Round "8"]
[White "StoreySniper"]
[Black "ChadBiryani"]
[Result "1-0"]
[WhiteElo "2298"]
[BlackElo "2169"]
[TimeControl "180+2"]
[EndTime "15:54:19 PST"]
[Termination "StoreySniper won by resignation"]

1. e4 c5 2. Nf3 d6 3. d4 cxd4 4. Nxd4 Nf6 5. f3 e5 6. Nb3 d5 7.
Bg5 d4 8. c3 Nc6 9. Bb5 a6 10.
Bxc6+ bxc6 11. cxd4 Bb4+ 12. Nc3 exd4 13. Qxd4 Qe7 14.
Bxf6 gxf6 15. O-O Be6 16. Kh1 Rd8 17. Qf2 O-O 18. Rad1 Bc4 19. Rfe1 a5 20. Qb6 Bxb3 21. axb3 Rc8 22. h3 Qe6 23. Qd4 Rfd8 24. Qc4 Qe5 25. Rf1 Qf4 26. e5 Qxe5 27. Qg4+ Qg5 28. Ne4 Kg7 29. Nxg5 1-0

[Event "*** MasterClass Titled Tuesday Blitz"]
[Site "Chess.com"]
[Date "2017.11.07"]
[Round "8"]
[White "dretch"]
[Black "ChainsOfFantasia"]
[Result "1-0"]
[WhiteElo "2595"]
[BlackElo "2496"]
[TimeControl "180+2"]
[EndTime "15:54:21 PST"]
[Termination "dretch won by resignation"]

1. d4 Nf6 2. c4 e6 3. Nc3 d5 4.
cxd5 Nxd5 5. e4 Nxc3 6. bxc3 c5 7. Nf3 cxd4 8. cxd4 Bb4+ 9. Bd2 Bxd2+ 10. Qxd2 O-O 11.
Bc4 b6 12. d5 Ba6 13. Bxa6 Nxa6 14. d6 e5 15. O-O Qf6 16. Rad1 Rad8 17. Qd5 Rfe8 18.
h3 Nc5 19. Rd2 Qe6 20. Qc6 Rc8 21. Qd5 Qxd5 22. Rxd5 Rcd8 23. Nxe5 Re6 24. Rc1 Rexd6 25. Nc6 Nxe4 26. Nxd8 Rxd5 27. Rc8 h5 28. Ra8 Rd1+ 29. Kh2 Nxf2 30. Ne6+ Kh7 31. Ng5+ Kg6 32. Nf3 Rd7 33. Ne5+ Kf5 34. Nxd7 g5 35. Rxa7 Kf4 36. Nxb6 f5 37. Ra3 h4 38. Rf3+ 1-0

[Event "*** MasterClass Titled Tuesday Blitz"]
[Site "Chess.com"]
[Date "2017.11.07"]
[Round "8"]
[White "Maitreia"]
[Black "NateSolon"]
[Result "1-0"]
[WhiteElo "2476"]
[BlackElo "2379"]
[TimeControl "180+2"]
[EndTime "15:54:22 PST"]
[Termination "Maitreia won by resignation"]

1. c4 c6 2. g3 d5 3. Nf3 Nf6 4. Bg2 dxc4 5. O-O Be6 6. Ng5 Bf5 7.
Na3 e6 8. Nxc4 Be7 9. Qb3 Qc8 10. d3 O-O 11. Bd2 Nbd7 12. Rfc1 Qc7 13. Nf3 e5 14. Ba5 b6 15. Bc3 Be6 16. Qc2 Nd5 17. Bxe5 Nxe5 18. Ncxe5 c5 19. a3 Bf6 20. Nc4 Rad8 21. Rab1 Rfe8 22. e4 Ne7 23. e5 Bxc4 24. exf6 Bxd3 25. fxe7 Bxc2 26. exd8=Q Qxd8 27. Rxc2 h6 28. Rd2 Qf6 29. Rbd1 g6 30. h4 Kg7 31. Nh2 Qe6 32. Bd5 Qe5 33. Nf3 Qf6 34. b3 Qc3 35. a4 Rd8 36. Kg2 Rd6 37. Bc4 Rf6 38. Rd3 Qb2 39. R1d2 Qc1 40. Rd6 Rxd6 41. Rxd6 Qc3 42.
Rd7 1-0

[Event "*** MasterClass Titled Tuesday Blitz"]
[Site "Chess.com"]
[Date "2017.11.07"]
[Round "8"]
[White "igorkovalenko"]
[Black "GrigorGrigorov"]
[Result "1-0"]
[WhiteElo "2782"]
[BlackElo "2624"]
[TimeControl "180+2"]
[EndTime "15:54:32 PST"]
[Termination "igorkovalenko won by resignation"]

1. e4 c5 2. Nf3 d6 3. d4 cxd4 4. Nxd4 Nf6 5. Nc3 a6 6. Be3 e6 7.
Be2 Nc6 8. f4 Be7 9. Qd2 Bd7 10.
O-O-O b5 11. a3 Rc8 12. g4 b4 13. axb4 Nxb4 14. Kb1 d5 15. e5 Ne4 16. Nxe4 dxe4 17. c3 Nd5 18. f5 Qb6 19. Nxe6 Qxe3 20. Nxg7+ Kf8 21. Qxe3 Nxe3 22. Rxd7 Kxg7 23. Rxe7 Rb8 24. e6 Kf6 25. Rxf7+ Ke5 26. e7 Nd5 27. Rc1 Rhe8 28. Rxh7 Nxe7 29. Bxa6 Nd5 30. Rh6 Red8 31. h3 Ne3 32. Re6+ Kf4 33. f6 Rd2 34. b4 Rbd8 35. Bb7 Nd5 36. f7 Rf2 37. Bxd5 1-0

[Event "*** MasterClass Titled Tuesday Blitz"]
[Site "Chess.com"]
[Date "2017.11.07"]
[Round "8"]
[White "Koksik_13"]
[Black "Lunaticx"]
[Result "0-1"]
[WhiteElo "2105"]
[BlackElo "2677"]
[TimeControl "180+2"]
[EndTime "15:54:32 PST"]
[Termination "Lunaticx won by resignation"]

1. e4 c5 2. Nf3 d6 3. Bb5+ Nd7 4.
d4 cxd4 5. Qxd4 a6 6. Bxd7+ Bxd7 7. c4 e5 8. Qd3 h6 9. Nc3 Nf6 10. Nd2 Be7 11. Nf1 b5 12. b3 bxc4 13. bxc4 Qa5 14.
Bd2 Qa3 15. Ne3 O-O 16. O-O Rab8 17. Bc1 Qa5 18. Ncd5 Nxd5 19. Nxd5 Bd8 20. Ba3 Rc8 21. Bxd6 Re8 22. c5 Bb5 23. Qg3 Bxf1 24. Bxe5 Rxe5 25. Qxe5 Bb5 26. Qd6 Rc6 27. Qb8 Rxc5 28. Rd1 Kh7 29. Qa7 Qd2 30. Ne3 Rc1 31. h3 Rxd1+ 32. Nxd1 Qxd1+ 33. Kh2 Qd6+ 34. g3 Bb6 35. Qxf7 Qf6 36. Qxf6 gxf6 37.
f4 Bc4 0-1

[Event "*** MasterClass Titled Tuesday Blitz"]
[Site "Chess.com"]
[Date "2017.11.07"]
[Round "8"]
[White "krzyzan94"]
[Black "champ2005"]
[Result "1-0"]
[WhiteElo "2599"]
[BlackElo "2445"]
[TimeControl "180+2"]
[EndTime "15:54:38 PST"]
[Termination "krzyzan94 won by resignation"]

1. e4 c6 2. d4 d5 3. Nc3 dxe4 4. Nxe4 Bf5 5. Ng3 Bg6 6. h4 h6 7. N1e2 Nf6 8. Nf4 Bh7 9. Bc4 e6 10. c3 Bd6 11. Nfh5 O-O 12. Bg5 Nbd7 13. Nxf6+ Nxf6 14. Qf3 Bxg3 15. fxg3 hxg5 16. hxg5 Ne4 17. Bd3 f5 18. Bxe4 Qxg5 19. Bd3 Bg6 20. Qf4 Qxf4 21. gxf4 Bf7 22.
O-O-O g6 23. Kd2 Kg7 24. Ke3 Rh8 25. Bc4 Kf6 26. a4 g5 27. fxg5+ Kxg5 28. a5 a6 29. b4 Rag8 30. Be2 Kf6 31. Bf3 Kg7 32. Kf4 Kf6 33. c4 Rd8 34. Rxh8 Rxh8 35. b5 cxb5 36. cxb5 Rb8 37. b6 Be8 38. Rc1 Rc8 39. Rxc8 1-0

[Event "*** MasterClass Titled Tuesday Blitz"]
[Site "Chess.com"]
[Date "2017.11.07"]
[Round "8"]
[White "aa175"]
[Black "Jadeit90"]
[Result "0-1"]
[WhiteElo "1862"]
[BlackElo "2300"]
[TimeControl "180+2"]
[EndTime "15:54:43 PST"]
[Termination "Jadeit90 won by resignation"]

1. e4 g6 2. d4 Bg7 3. c3 c5 4.
Be3 cxd4 5. Bxd4 Nf6 6. Nd2 O-O 7.
Ngf3 Nc6 8. Bd3 d5 9. O-O Nxe4 10. Bxg7 Nxf2 11. Rxf2 Kxg7 12. Qe2 Re8 13. Ne5 Qd6 14.
Nxc6 bxc6 15. Raf1 f5 16. Nf3 e5 17. Bc2 a5 18.
Re1 Ba6 19. Qd2 Rad8 20. Bd3 Bc8 21. Rfe2 e4 22. Bc2 c5 23. Ng5 h6 24. Nh3 Bb7 25.
Qf4 d4 26. Qxd6 Rxd6 27. cxd4 cxd4 28. Bb3 d3 29. Re3 Rc8 30. Nf4 Kf6 31. Rd1 g5 32.
Ne2 Ke5 33. Nc3 f4 34. Ree1 e3 35. Nb5 d2 36. Nxd6 dxe1=Q+ 37. Rxe1 Kxd6 38. Rd1+ Ke5 39. g3 f3 40. Re1 f2+ 41. Kf1 fxe1=Q+ 42. Kxe1 Kd4 43. Kf1 Ba6+ 44. Kg1 e2 45. h3 e1=Q+ 46. Kh2 Qf2+ 47. Kh1 Rc1+ 48. Bd1 0-1

[Event "*** MasterClass Titled Tuesday Blitz"]
[Site "Chess.com"]
[Date "2017.11.07"]
[Round "8"]
[White "Swarnapuri"]
[Black "Alexander_Donchenko"]
[Result "0-1"]
[WhiteElo "2489"]
[BlackElo "2657"]
[TimeControl "180+2"]
[EndTime "15:54:49 PST"]
[Termination "Alexander_Donchenko won by resignation"]

1. d4 Nf6 2. Bf4 d5 3. e3 c5 4. c3 Nc6 5. Nd2 Bf5 6. Ngf3 e6 7. Qb3 Qb6 8. Qxb6 axb6 9. Bb5 Be7 10. Ne5 Rc8 11.
Nxc6 bxc6 12. Ba6 Rd8 13. Bc7 Ra8 14. Bb7 Kd7 15. Bxb6 Rab8 16. dxc5 Rxb7 17. a4 Bd3 18. Nf3 Be4 19. Ne5+ Ke8 20. f3 Bg6 21. a5 Nd7 22.
a6 Rb8 23. Nxc6 Ra8 24. Nxe7 Kxe7 25. b4 Bd3 26. a7 Rhc8 27. Kd2 Bb5 28. Ra5 Bc6 29.
Rb1 Bb7 30. Rba1 Nxb6 31. cxb6 Kd6 32. Rb5 Kc6 33. Raa5 Ba6 34. Rc5+ Kxb6 35. Rxc8 Bxc8 36. c4 dxc4 37. Kc3 Rxa7 38. Rxa7 Kxa7 39. Kxc4 Kb6 40.
f4 Bb7 41. g4 Bd5+ 42. Kd4 Kb5 43. f5 Kxb4 44. g5 Kb5 45. f6 g6 46. Ke5 Kc6 47. h4 Bb3 48. Kf4 Kd5 0-1

[Event "*** MasterClass Titled Tuesday Blitz"]
[Site "Chess.com"]
[Date "2017.11.07"]
[Round "8"]
[White "Mistheoretical"]
[Black "VerdeNotte"]
[Result "0-1"]
[WhiteElo "2304"]
[BlackElo "2653"]
[TimeControl "180+2"]
[EndTime "15:54:49 PST"]
[Termination "VerdeNotte won by resignation"]

1. d4 Nf6 2. Bg5 Ne4 3. Bf4 d5 4. f3 Nf6 5. e4 dxe4 6. Nc3 exf3 7. Nxf3 Bg4 8. h3 Bxf3 9. Qxf3 c6 10.
O-O-O e6 11. Bg5 Be7 12. Bc4 Nbd7 13. Rhf1 O-O 14. g4 Nd5 15. Bxe7 Qxe7 16. Ne4 b5 17. Bb3 a5 18. a4 bxa4 19. Bxa4 Rab8 20. Bxc6 Nb4 21.
Bxd7 Qxd7 22. Nc5 Qb5 23. Qb3 Rfc8 24. Rf2 a4 25. Nxa4 Nd3+ 26. Rxd3 Qxb3 27. Rxb3 Rxb3 28.
Nc5 Rxh3 29. b4 h5 30. gxh5 Rxh5 31. Kb2 Rd5 32. c3 g5 33. Rg2 Kf8 34. Kb3 Ke7 35. Kc4 Kd6 36. b5 f6 37. Kb4 e5 38. Rf2 exd4 39. Rxf6+ Ke5 40. Rc6 Rxc6 41. bxc6 Rxc5 42. Kxc5 dxc3 43. c7 c2 0-1